 Dungeon Crawl Stone Soup version 0.27.1-33-g824d729ab1 (webtiles) character file.

Game seed: 11465163653853778186

6 pkoi the Digger (level 1, -1/14 HPs)
             Began as a Draconian Earth Elementalist on Dec 2, 2021.
             Frozen to death by an endoplasm (4 damage)
             ... on level 1 of the Dungeon.
             The game lasted 00:00:25 (303 turns).

pkoi the Digger (Draconian Earth Elementalist)       Turns: 303, Time: 00:00:26

Health: -1/14      AC:  4    Str: 10    XL:     1   Next: 75%
Magic:  1/3        EV: 12    Int: 15    God:
Gold:   19         SH:  0    Dex: 11    Spells: 3/4 levels left

rFire    . . .     SeeInvis .   (no weapon)
rCold    . . .     Faith    .   (no shield)
rNeg     . . .     Spirit   .   (armour unavailable)
rPois    .         Reflect  .   (helmet restricted)
rElec    .         Harm     .   (no cloak)
rCorr    .         Rampage  .   (no gloves)
Will     .....                  (no boots)
Stlth    ++........             (no amulet)
HPRegen  0.04/turn              (no ring)
MPRegen  0.08/turn              (no ring)

@: no status effects
A: AC +4, unfitting armour, cold-blooded
a: no special abilities


You were on level 1 of the Dungeon.
You visited 1 branch of the dungeon, and saw 1 of its levels.

You collected 19 gold pieces.

Inventory:

Missiles
 b - 43 stones
Scrolls
 c - a scroll of teleportation {unknown}
Potions
 a - a potion of heal wounds {unknown}


   Skills:
 - Level 1.7 Dodging
 - Level 1.7 Stealth
 * Level 0.9 Unarmed Combat
 - Level 2.0 Spellcasting
 + Level 1.2 Transmutations
 + Level 3.1 Earth Magic


You had 3 spell levels left.
You knew the following spells:

 Your Spells              Type           Power      Damage    Failure   Level
a - Sandblast             Erth           20%        2d7       6%          1

Your spell library contained the following spells:

 Spells                   Type           Power      Damage    Failure   Level
 Passwall                 Tmut/Erth      5%         N/A       14%         2
 Stone Arrow              Conj/Erth      12%        3d7       34%         3
 Petrify                  Tmut/Erth      7%         N/A       67%         4


Dungeon Overview and Level Annotations

Branches:
Dungeon (1/15)

Altars:


Innate Abilities, Weirdness & Mutations

Your plain brown scales are hard. (AC +4)
You cannot fit into any form of body armour.
You are cold-blooded and may be slowed by cold attacks.


Message History

Unknown command.
There is a stone staircase leading down here.
You closely miss the rat.
The rat is heavily wounded.
The rat closely misses you.
You hit the rat.
You kill the rat!
You closely miss the kobold. You tail-slap the kobold.
The kobold is severely wounded.
The kobold hits you with a +1 short sword of freezing.
* * * LOW HITPOINT WARNING * * *
The kobold freezes you.
* * * LOW HITPOINT WARNING * * *
Unknown command.
You are too injured to fight recklessly!
Aiming: Sandblast (safe; 6% risk of failure)
Press: ? - help, Q - select action, (/) - cycle Shift-Dir - straight line, f - kobold
Aim: a kobold, wielding a +1 short sword of freezing (severely wounded, 74% to hit)
The blast of sand hits the kobold.
You kill the kobold!
Unknown command.
You hit the rat.
The rat is heavily wounded.
The rat bites you but does no damage.
You hit the rat but do no damage.
The rat is heavily wounded.
The rat closely misses you.
You closely miss the rat.
The rat is heavily wounded.
The rat misses you.
You barely miss the rat. You tail-slap the rat.
You kill the rat!
Aiming: Sandblast (safe; 6% risk of failure)
Press: ? - help, Q - select action, (/) - cycle Shift-Dir - straight line, f - endoplasm
Aim: an endoplasm (98% to hit)
The blast of sand misses the endoplasm.
The blast of sand hits the kobold.
You kill the kobold!
The endoplasm freezes you.
You are frozen.
You die...

. #+########..
#.#.........
#.#........#
#.#........#
######.#........#
#...@J>.........+
#.######....>...#
#.#### #........#
#....#
##############
####.#
#........... #.#
#.##########
###.#
#.#.....#...
#...#
#.#.###.#.##
#.###
#.#.###.#.#.


You could see an endoplasm.

Vanquished Creatures
  4 kobolds (D:1)
  A frilled lizard (D:1)
  2 rats (D:1)
7 creatures vanquished.

Notes
Turn   | Place    | Note
-------+----------+-------------------------------------------
     0 | D:1      | pkoi the Draconian Earth Elementalist began the quest for
                  | the Orb.
     0 | D:1      | Reached XP level 1. HP: 14/14 MP: 3/3
   303 | D:1      | Frozen to death by an endoplasm

Illustrated notes

Levels and vault maps discovered:
D:1:      dpeg_arrival_round_b, layout_basic

Action                   || total
-------------------------++-------
Melee: Unarmed           ||    22
       Tailslap          ||     2
 Cast: Sandblast         ||     2
Armor: Skin              ||     7
Dodge: Dodged            ||     8
